 Dungeon Crawl Stone Soup version 0.22.1-1-ga44c0e5 (webtiles) character file.

19 bloo the Conjurer (level 2, -1/15 HPs)
             Began as a Deep Elf Conjurer on Oct 1, 2018.
             Slain by an adder (4 damage)
             ... on level 2 of the Dungeon.
             The game lasted 00:05:21 (1251 turns).

bloo the Conjurer (Deep Elf Conjurer)               Turns: 1251, Time: 00:05:22

Health: -1/15      AC:  2    Str:  5    XL:     2   Next: 55%
Magic:  0/8        EV: 13    Int: 19    God:
Gold:   65         SH:  0    Dex: 15    Spells: 4/7 levels left

rFire    . . .     SeeInvis .   e - +0 dagger
rCold    . . .     Gourm    .   (no shield)
rNeg     . . .     Faith    .   a - +0 robe
rPois    .         Spirit   .   (no helmet)
rElec    .         Reflect  .   (no cloak)
rCorr    .         Harm     .   (no gloves)
MR       .....                  (no boots)
Stlth    ++........             (no amulet)
HPRegen  0.05/turn              (no ring)
MPRegen  0.11/turn              (no ring)

@: lethally poisoned (-1 -> -4)
A: no striking features
a: no special abilities


You were on level 2 of the Dungeon.
You were hungry.

You visited 1 branch of the dungeon, and saw 2 of its levels.

You collected 65 gold pieces.

Inventory:

Hand Weapons
 e - a +0 dagger (weapon)
Armour
 a - a +0 robe (worn)
Scrolls
 d - a scroll of teleportation {unknown}
 i - 2 scrolls of noise {unknown}
 j - a scroll of amnesia {unknown}
 k - 3 scrolls of identify {unknown}
 l - a scroll of enchant weapon {unknown}
Potions
 b - a potion of degeneration {unknown}
 f - a potion of lignification {unknown}
 g - a potion of ambrosia
 h - a potion of curing {unknown}
 n - a potion of berserk rage {unknown}
Comestibles
 c - 2 rations


   Skills:
 - Level 2.4 Dodging
 - Level 2.4 Stealth
 - Level 3.0 Spellcasting
 + Level 5.2 Conjurations


You had 4 spell levels left.
You knew the following spells:

 Your Spells              Type           Power        Failure   Level  Hunger
a - Magic Dart            Conj           ###.         1%          1    None
b - Searing Ray           Conj           ###...       2%          2    ##.....

Your spell library contained the following spells:

 Spells                   Type           Power        Failure   Level  Hunger
 Dazzling Spray           Conj/Hex       ##....       16%         3    ###....
 Iskenderun's Mystic Bla  Conj           ###.....     17%         4    ####...
 Force Lance              Conj/Tloc      ##......     45%         4    ####...
 Fulminant Prism          Conj/Hex       ##........   45%         4    ####...


Dungeon Overview and Level Annotations

Branches:
Dungeon (2/15)

Altars:


Message History

Okay, then.
Casting: Magic Dart (safe; 1% risk of failure)
Confirm with . or Enter, or press ? or * to list all spells.
Aiming: Searing Ray (safe; 2% risk of failure)
Press: ? - help, Shift-Dir - straight line, f - adder
Aim: an adder The searing ray misses the adder. (Press . to maintain the ray.)
The adder bites you. The adder bites you. x2
You are poisoned.
The adder poisons you!
You finish channeling your searing ray.
You feel sick. The adder bites you.
* * * LOW HITPOINT WARNING * * *
The adder closely misses you.
Casting: Searing Ray (safe; 2% risk of failure)
Confirm with . or Enter, or press ? or * to list all spells.
You don't have enough magic to cast that spell.
You barely miss the adder. The adder bites you.
You die...

######### ###########
!.......# #...[......
........# #..........
........# #..........
........# #....$.....
[........# #..........
.........#####..@.†.....
........).......S.......
.........<####.%........
......###.# ###.....###
.!....g#.. .# #..?..#
#.......... ...###..#
#<.......... ....##.#
#.....###...##.#.# .##
#.....# .... .#.##..###


You could see an adder.

Vanquished Creatures
  A leopard gecko (D:1)
  2 giant cockroaches (D:1)
  2 goblins
  A hobgoblin (D:2)
  4 bats (D:1)
  2 frilled lizards
  2 kobolds (D:1)
  4 rats
18 creatures vanquished.

Notes
Turn   | Place    | Note
-------+----------+-------------------------------------------
     0 | D:1      | bloo the Deep Elf Conjurer began the quest for the Orb.
     0 | D:1      | Reached XP level 1. HP: 10/10 MP: 6/6
   383 | D:1      | Reached XP level 2. HP: 15/15 MP: 6/8
   407 | D:1      | Reached skill level 5 in Conjurations
   870 | D:1      | Learned a level 2 spell: Searing Ray
  1251 | D:2      | Slain by an adder

Skill      XL: |  1  2 |
---------------+-------+-----
Conjurations   | 5 |  5.2
Dodging        | |  2.4
Stealth        | |  2.4
Spellcasting   | |  3.0

Action                   || total
-------------------------++-------
Melee: Dagger            ||     1
 Cast: Magic Dart        ||    24
       Searing Ray       ||     1
  Use: Potion            ||     1
Dodge: Dodged            ||     1
